AoeStats
← NDF

Arabia

509333654Analyzed
1v1 RM · 5d ago on Sep 26, 2026· 32m 27s· 2 players
Game mode
Random Map
Map size
Tiny (2 player)
Population
200
Speed
Normal
Resources
Standard
Victory
Conquest
Starting age
Dark Age
Ending age
Imperial Age
RankedLock teamsTeams togetherTeam positionsShared explorationLock speedFull tech treeHidden civsTurbo modeCheats
Victory
Defeat
🇦🇷 Teutons · Argentina
592
+16
🇹🇷 Franks · Türkiye
594
-22
NDF
3:01 Loom
12:18 Feudal Age
15:56 Man-at-Arms
22:28 Castle Age
20:22 Double-Bit Axe
23:35 Horse Collar
23:48 Stone Mining
23:49 Gold Mining
24:29 Arson
24:44 Squires
24:05 Pikeman
FZL
3:39 Loom
13:34 Feudal Age
14:05 Double-Bit Axe
16:08 Stone Mining
16:09 Gold Mining
24:52 Castle Age
Connection lost

Rejoining the realm…

Still unreachable

The connection could not be restored.

Session expired

The server has moved on; the page needs a fresh start.